 Dungeon Crawl Stone Soup version 0.20-a0-1050-g57248f3 (webtiles) character file.

520822 Ijustatesigmund the Imperceptible (level 25, -14/241 HPs)
             Began as a Naga Assassin on Apr 20, 2017.
             Was the Champion of Cheibriados.
             Killed from afar by a frost giant (15 damage)
             ... with a bolt of cold
             ... on level 5 of the Vaults on Apr 25, 2017.
             The game lasted 04:44:07 (53112 turns).

Ijustatesigmund the Imperceptible (Naga Assassin)  Turns: 53112, Time: 04:44:08

Health: -14/241    AC: 37    Str: 30    XL:     25   Next: 87%
Magic:  0/48       EV: 19    Int: 35    God:    Cheibriados [******]
Gold:   1891       SH: 23    Dex: 31    Spells: 27/56 levels left

rFire    + + +     SeeInvis +   I - +6 short sword of the Revolution {pierce, rF+}
rCold    + . .     Gourm    .   q - +4 shield {AC+3}
rNeg     . . .     Faith    .   K - +4 moon troll leather armour {Spirit, Regen++ MP+5}
rPois    +         Spirit   +   l - +2 hat {MR+}
rElec    .         Reflect  +   m - +2 cloak {MR+}
rCorr    .         Harm     .   N - +2 pair of gloves
MR       +++++                  B - +2 naga barding {rC+}
Stlth    ++++......             w - amulet of Xom's Wantonness {Reflect +Fly rPois rF+ Int+3 SH+4}
Regen    1.3/turn               C - +5 ring of evasion
MPRegen  0.4/turn               t - ring of protection from fire

@: contaminated, glowing, constricted, studying Long Blades, very slow
A: horns 1, slimy green scales 1, see invisible, clumsy 1, deformed body, poison
resistance, slowness 2, slow metabolism 1, spit poison 1, MP-powered wands,
constrict 1, AC +8
}: 2/15 runes: decaying, gossamer
a: Spit Poison, Bend Time, Temporal Distortion, Slouch, Step From Time, Renounce
Religion, Evoke Flight


You were on level 5 of the Vaults.
You worshipped Cheibriados.
Cheibriados was exalted by your worship.
You were not hungry.

You visited 9 branches of the dungeon, and saw 45 of its levels.
You visited the Abyss 1 time.
You also visited: Labyrinth and Ice Cave.

You collected 5418 gold pieces.
You spent 3527 gold pieces at shops.

Inventory:

Hand Weapons
 a - a +9 dagger of flaming
 I - the +6 short sword of the Revolution (weapon) {pierce, rF+}
   (You found it in a labyrinth)

   It inflicts extra damage upon your enemies.
   It protects you from fire.
Missiles
 u - 49 tomahawks (quivered)
Armour
 l - a +2 hat of magic resistance (worn)
 m - a +2 cloak of magic resistance (worn)
 q - a +4 shield of protection (worn)
 B - a +2 naga barding of cold resistance (worn)
 K - the +4 moon troll leather armour (worn) {Spirit, Regen++ MP+5}
   (You found it in a labyrinth)

   It affects your magic capacity (+5).
   It increases your rate of regeneration.
 N - a +2 pair of gloves (worn)
Jewellery
 i - an uncursed ring of wizardry
 k - an uncursed ring of protection from cold
 t - a ring of protection from fire (right hand)
 w - the amulet of Xom's Wantonness (around neck) {Reflect +Fly rPois rF+ Int+3 SH+4}
   (You found it on level 4 of the Depths)

   [amulet of reflection]

   It shields you and reflects attacks.
   It affects your intelligence (+3).
   It protects you from fire.
   It protects you from poison.
   It lets you fly.
   It affects your SH (+4).
 x - a +4 ring of protection
 A - an uncursed ring of protection from cold
 C - a +5 ring of evasion (left hand)
 U - an uncursed amulet of guardian spirit {unknown}
 V - the ring of Usmeusin {*Contam rF+ MR++ Str+2 Dex+2}
   (You acquired it on level 14 of the Dungeon)

   [ring of dexterity]

   It affects your strength (+2).
   It affects your dexterity (+2).
   It protects you from fire.
   It affects your resistance to hostile enchantments.
   It causes magical contamination when unequipped.
 Y - an uncursed ring of protection from magic
Wands
 o - a wand of clouds (6/9)
 r - a wand of iceblast (6/15)
 y - a wand of acid (3/15)
 R - a wand of digging (8/24)
Scrolls
 b - 2 scrolls of enchant weapon
 d - 2 scrolls of fog
 e - 3 scrolls of holy word
 p - 4 scrolls of magic mapping
 s - 2 scrolls of summoning
 z - 8 scrolls of recharging
 E - 16 scrolls of remove curse
 J - 10 scrolls of teleportation
 M - 12 scrolls of immolation
 O - 9 scrolls of fear
 T - 4 scrolls of blinking
 X - 2 scrolls of silence
Potions
 c - 13 potions of curing
 n - 8 potions of lignification
 v - 3 potions of flight
 D - 6 potions of agility
 G - 6 potions of ambrosia
 H - 5 potions of brilliance
 L - 3 potions of might
 Q - a potion of cancellation
 W - a potion of haste {unknown}
Books
 f - Sif Muna's Tome of Transmutation and Lightness
   (You found it on level 2 of the Depths)

   Spells                             Type                      Level
   a - Shock                          Conjuration/Air              1
   b - Beastly Appendage              Transmutation                1
   c - Freezing Cloud                 Conjuration/Ice/Air          6
   d - Statue Form                    Transmutation/Earth          6
   e - Hydra Form                     Transmutation                6
 h - a book of Dreams

   Spells                             Type                      Level
   a - Ensorcelled Hibernation        Hexes/Ice                    2
   b - Silence                        Hexes/Air                    5
   c - Darkness                       Hexes                        6
   d - Shadow Creatures               Summoning                    6
 F - a manual of Long Blades
Miscellaneous
 Z - 2 phantom mirrors
Comestibles
 g - 20 bread rations
 j - 13 meat rations


   Skills:
 - Level 17.2 Fighting
 - Level 14.0(14.5) Short Blades
 - Level 6.6(11.3) Long Blades
 - Level 14.5 Throwing
 - Level 9.1 Armour
 - Level 9.0 Dodging
 - Level 21.0 Stealth
 - Level 12.0 Shields
 - Level 6.5 Unarmed Combat
 - Level 16.1 Spellcasting
 - Level 4.3 Conjurations
 - Level 9.0 Hexes
 + Level 4.5 Translocations
 - Level 0.2 Fire Magic
 - Level 9.0 Ice Magic
 - Level 6.8 Air Magic
 + Level 1.9 Earth Magic
 - Level 6.1 Poison Magic
 - Level 16.5 Invocations


You had 27 spell levels left.
You knew the following spells:

 Your Spells              Type           Power        Failure   Level  Hunger
a - Ensorcelled Hibernat  Hex/Ice        ######       1%          2    None
b - Apportation           Tloc           ######       1%          1    None
c - Dazzling Spray        Conj/Hex       ######       1%          3    None
d - Mephitic Cloud        Conj/Pois/Air  ######..     1%          3    None
e - Blink                 Tloc           N/A          1%          2    None
f - Portal Projectile     Hex/Tloc       ######       1%          3    None
g - Conjure Flame         Conj/Fire      #####...     1%          3    None
h - Ignite Poison         Fire/Tmut/Pois #####...     1%          3    None
i - Summon Butterflies    Summ           ####....     1%          1    None
j - Invisibility          Hex            #######.     5%          6    None
k - Passwall              Tmut/Erth      ####......   1%          2    None


Dungeon Overview and Level Annotations

Branches:
Dungeon (15/15)            Temple (1/1) D:5            Lair (6/6) D:9
  Swamp (4/4) Lair:4       Spider (4/4) Lair:2        Slime (0/5) Lair:5
    Orc (2/2) D:10            Elf (3/3) Orc:2        Vaults (5/5) D:13
 Depths (5/5) D:15            Zot (0/5) Depths:5
  Crypt: Vaults:2-3

Altars:
Ashenzari
Cheibriados
Dithmenos
Elyvilon
Fedhas
Gozag
Hepliaklqana
Kikubaaqudgha
Makhleb
Nemelex Xobeh
Okawaru
Qazlal
Ru
Sif Muna
Trog
Uskayaw
Vehumet
Wu Jian
Xom
Yredelemnul
Zin
The Shining One

Shops:
D:7 **%:(:   D:11 *   D:15 ([=*   Orc:2 :?(%   Elf:2 [(   Vaults:2 **
Depths:2 %

Portals:
Hell: Depths:1 Depths:2 Depths:3 Depths:4 Depths:5
Abyss: Depths:4
Pandemonium: Orc:2 Depths:1 Depths:3 Depths:4
Ziggurat: Depths:3
Trove: D:15 (give +4 demon trident)

Annotations:
Vaults:5 Jory


Innate Abilities, Weirdness & Mutations

You cannot wear boots.
Your serpentine skin is tough. (AC +8)
You have supernaturally acute eyesight. (SInv)
Armour fits poorly on your strangely shaped body.
Your system is resistant to poisons. (rPois)
You cover ground very slowly.
You have a slow metabolism.
You can spit poison.
You can use your snake-like lower body to constrict enemies.
You have a pair of small horns on your head.
You are partially covered in slimy green scales. (AC +2)
You are clumsy. (Dex -2)
You expend magic power (3 MP) to strengthen your wands.


Message History

The frost giant hits you but does no damage.
You block the stone giant's attack.
The tentacled monstrosity tentacle-slaps you but does no damage. x2
The tentacled monstrosity closely misses you.
The tentacled monstrosity constricts you.
You hit the tentacled monstrosity. You headbutt the tentacled monstrosity.
The tentacled monstrosity is almost dead.
You block the titan's attack. x2
You hit the tentacled monstrosity.
The tentacled monstrosity is almost dead.
The stone giant hits you!!
* * * LOW HITPOINT WARNING * * *
The tentacled monstrosity tentacle-slaps you but does no damage.
You block the tentacled monstrosity's attack.
The tentacled monstrosity tentacle-slaps you but does no damage.
* * * LOW HITPOINT WARNING * * *
The tentacled monstrosity constricts you.
The frost giant casts a spell at you. The bolt of cold hits you! You resist.
You die...

###################
.....(............
..................
##...(.C@X..##
#....).CCC)#.#
.....#......#(#
$... #.....#.#.#
#.% #....#.#.#.# ##
#..†.##.#.#.#
#....# #.#.#.#
#....# #.#.#.#
#....# #[#.#.#


You could see a tentacled monstrosity, 2 titans, a frost giant and a stone
giant.

Vanquished Creatures
  A juggernaut (Depths:5)
  3 golden dragons
  Nikola (Swamp:2)
  3 tentacled monstrosities
  An Ice Fiend (IceCv)
  A quicksilver dragon (Vaults:5)
  2 titans
  A quicksilver dragon (shapeshifter) (Depths:4)
  A deep elf master archer (Elf:3)
  3 deep elf blademasters
  7 sphinxes
  Kirke (Spider:1)
  2 tengu reavers
  2 sphinxes (shapeshifter) (Depths:4)
  2 shadow dragons (Depths:5)
  3 storm dragons
  A thorn hunter (Swamp:4)
  A storm dragon (shapeshifter) (Depths:4)
  6 fire giants
  An emperor scorpion (shapeshifter) (Depths:4)
  3 balrugs (Depths:3)
  2 deep elf sorcerers (Elf:3)
  3 frost giants
  A draconian monk (Depths:5)
  2 emperor scorpions
  9 vault wardens
  2 iron dragons
  Louise (Swamp:2)
  The ghost of Alarkh the Carver, a journeyman DsFi of Okawaru (Orc:1)
  An orc warlord (Orc:1)
  3 ghost moths (Spider:4)
  9 deep elf elementalists
  A draconian shifter (Depths:5)
  Aizul (Depths:2)
  10 ironheart preservers
  4 war gargoyles (Depths:4)
  14 stone giants
  6 spriggan defenders
  23 very ugly things
  7 entropy weavers
  A vampire knight (Depths:2)
  A black draconian (Depths:5)
  Azrael (Spider:1)
  A red draconian (Depths:5)
  A lorocyproca (Depths:1)
  6 deep elf demonologists
  7 deep elf annihilators
  12 spark wasps
  A white draconian (Depths:5)
  Snorg (Lair:6)
  A dire elephant (shapeshifter) (Depths:4)
  13 ettins
  6 deep elf death magi (Elf:3)
  A blizzard demon (Depths:4)
  14 crystal guardians
  13 fire dragons
  A minotaur (Lab)
  2 deep elf high priests (Elf:3)
  11 yaktaur captains
  26 hydras
  3 rakshasas
  7 ice dragons
  28 vault guards
  10 great orbs of eyes
  A hell beast (Depths:2)
  6 spriggan air magi
  10 alligators
  The ghost of DEFE the Corrupter of Planes, a journeyman DEAK of Lugonu (D:12)
  6 ghost crabs
  2 death knights (Vaults:4)
  7 centaur warriors
  11 deep troll earth magi
  5 deep troll shamans
  12 ogre magi
  37 two-headed ogres
  A queen ant (shapeshifter) (Depths:4)
  5 orc high priests (Orc:2)
  A death yak (Lair:5)
  2 tengu warriors
  A vampire mage (Depths:5)
  45 dancing weapons
  6 spriggan berserkers
  2 sun demons (Depths:3)
  20 deep elf knights
  2 iron trolls
  A shock serpent (Depths:4)
  3 hell knights
  A salamander mystic (Depths:5)
  A wretched star (Abyss:2)
  3 skeletal warriors (Depths:2)
  39 deep trolls
  A shambling mangrove (Swamp:4)
  9 spriggan druids
  2 unseen horrors (shapeshifter)
  A shadow wraith (Vaults:3)
  A torturous demonspawn (Orc:2)
  3 unseen horrors
  4 flayed ghosts
  3 obsidian statues (Depths:4)
  13 deep elf archers
  12 glowing orange brains
  13 ironbrand convokers
  Pikel (D:4)
  A deep troll (shapeshifter) (Depths:4)
  16 swamp dragons
  2 phantasmal warriors (Depths:2)
  10 harpies
  5 necromancers
  9 wizards
  13 orc knights
  A lindwurm (Lair:2)
  A frost giant zombie (Vaults:1)
  A stone giant zombie (Vaults:2)
  22 orb spiders
  3 human zombies
  A shadow dragon zombie (Depths:2)
  82 deep elf magi
  A shining eye (shapeshifter) (Depths:4)
  9 orc sorcerers
  32 wolf spiders
  A worldbinder (Abyss:2)
  37 ugly things
  An iron dragon skeleton (Depths:2)
  6 elephants (Lair:6)
  6 salamanders (Depths:5)
  3 manticores
  8 cyclopes
  2 moths of wrath (shapeshifter)
  An apocalypse crab (Abyss:2)
  2 moths of wrath
  12 vault sentinels
  Joseph (D:7)
  2 smoke demons
  9 black mambas
  2 ice statues
  2 rust devils (Depths:1)
  2 frost giant skeletons (Vaults:3)
  A torpor snail (Lair:6)
  An eye of devastation (shapeshifter) (Vaults:1)
  Psyche (D:8)
  4 molten gargoyles (Depths:4)
  4 gargoyles (Depths:4)
  12 freezing wraiths
  A hellion (Depths:5)
  A rime drake (Lair:3)
  3 komodo dragons (shapeshifter)
  4 kobold demonologists (D:14)
  7 komodo dragons
  21 spiny frogs
  2 golden dragon simulacra (IceCv)
  2 anaconda simulacra (IceCv)
  8 ice devils
  12 demonic crawlers
  A spark wasp simulacrum (Depths:2)
  29 yaktaurs
  A hellwing (Depths:5)
  15 trolls
  A guardian mummy (D:15)
  4 tengu conjurers
  A yaktaur skeleton (Vaults:3)
  3 red devils
  2 jumping spiders (shapeshifter)
  A silent spectre (Abyss:2)
  7 tyrant leeches
  A meliai (shapeshifter) (Vaults:3)
  3 polar bears (shapeshifter)
  A merfolk (D:14)
  2 queen bees (shapeshifter)
  36 jumping spiders
  A troll (shapeshifter) (Depths:1)
  A wind drake (Depths:4)
  A wolf spider simulacrum (D:14)
  Prince Ribbit (D:6)
  2 raiju (Lair:6)
  21 hornets
  10 polar bears
  A slime creature (shapeshifter) (Depths:2)
  2 dream sheep (Lair:6)
  A hornet (shapeshifter) (Depths:1)
  10 hippogriffs
  Grinder (D:5)
  2 stone giant simulacra
  12 bog bodies
  16 slime creatures
  A snapping turtle (shapeshifter) (Depths:4)
  26 blink frogs
  A hippogriff (shapeshifter) (Depths:4)
  A tarantella (shapeshifter) (Depths:4)
  Sigmund (D:5)
  A shadow (Swamp:4)
  72 redbacks
  13 spriggans
  18 air elementals
  A dire elephant simulacrum (IceCv)
  59 yaks
  A spriggan (shapeshifter) (Depths:3)
  37 tarantellas
  2 wraiths
  19 fire elementals
  2 vampires (D:15)
  5 hogs (Spider:1)
  7 basilisks
  A large abomination (Abyss:2)
  Eustachio (D:4)
  A fire bat (shapeshifter) (Depths:4)
  4 wyverns
  20 humans (D:13)
  5 water elementals
  A steam dragon (D:10)
  2 chaos spawn
  A hungry ghost (D:10)
  2 small abominations (Abyss:2)
  A neqoxec (Depths:1)
  14 vampire mosquitoes
  A yaktaur simulacrum (Vaults:2)
  Menkaure (D:5)
  4 harpy simulacra (IceCv)
  8 wargs
  2 swamp worms (shapeshifter)
  2 iron troll simulacra (IceCv)
  18 swamp worms
  25 insubstantial wisps
  2 soldier ants (shapeshifter)
  Edmund (D:6)
  A water moccasin (shapeshifter) (Depths:2)
  2 soldier ants
  12 water moccasins
  7 hydra simulacra (IceCv)
  Duvessa (D:4)
  A floating eye (Depths:5)
  12 porcupines
  4 acid dragons
  An elf skeleton (Vaults:1)
  20 hell hounds
  17 swamp drakes
  51 orc warriors
  4 ice beasts
  4 sky beasts
  3 necrophages
  A swamp drake (shapeshifter) (Depths:4)
  2 eyes of draining (D:13)
  15 black bears
  A slave (D:4)
  A wolf (shapeshifter) (Depths:2)
  An ettin simulacrum (IceCv)
  7 boggarts
  An eye of draining (shapeshifter) (Depths:5)
  An alligator simulacrum (IceCv)
  26 ogres
  21 centaurs
  4 phantoms
  27 wolves
  18 crocodiles
  3 big kobolds
  21 bullfrogs
  2 wyvern zombies
  Dowan (D:4)
  2 wyvern skeletons
  14 earth elementals
  3 human skeletons
  4 scorpions
  A killer bee (D:11)
  A troll zombie (D:10)
  A swamp dragon simulacrum (IceCv)
  12 wights
  An elf simulacrum (Vaults:1)
  8 electric eels
  A howler monkey (shapeshifter) (Depths:5)
  14 howler monkeys
  8 crimson imps
  3 bullfrog zombies (D:12)
  7 centaur zombies
  3 draconian simulacra (IceCv)
  A wyvern simulacrum (D:14)
  3 human simulacra
  2 quasits (D:9)
  11 hounds
  3 jellies (Lair:5)
  6 bullfrog skeletons
  2 centaur skeletons
  32 orc priests
  33 orc wizards
  Crazy Yiuf (D:4)
  7 iguanas
  An iron imp (Orc:2)
  17 worker ants
  A worker ant (shapeshifter) (Depths:2)
  A polar bear simulacrum (IceCv)
  2 spriggan simulacra (IceCv)
  A killer bee zombie (D:5)
  3 troll simulacra (IceCv)
  5 ogre zombies (D:10)
  A centaur simulacrum (IceCv)
  A hound zombie (D:7)
  A hound skeleton (D:6)
  2 worker ant zombies
  2 howler monkey skeletons
  A gnoll (shapeshifter) (Depths:4)
  8 gnolls
  13 adders
  5 naga simulacra (IceCv)
  An ogre simulacrum (IceCv)
  6 shadow imps
  5 white imps
  7 ufetubi (IceCv)
  6 oozes
  An adder zombie (D:8)
  An adder skeleton (D:8)
  A worm (D:3)
  4 ball lightnings (Depths:4)
  3 dart slugs
  3 leopard geckos
  116 orcs
  3 giant cockroaches
  2 gnoll zombies (D:3)
  5 goblins
  2 hobgoblins (D:2)
  13 jackals
  4 quokkas
  A ball python (D:1)
  9 bats
  8 frilled lizards
  3 goblin zombies (D:10)
  2 hobgoblin zombies (D:10)
  24 kobolds
  A leopard gecko skeleton (D:4)
  2 leopard gecko zombies
  6 orc skeletons (D:10)
  8 orc zombies (D:10)
  A quokka zombie (D:6)
  4 rats
  A butterfly (D:5)
  6 crawling corpses
2373 creatures vanquished.

Vanquished Creatures (others)
  A deep elf master archer (Elf:3)
  A sphinx (Vaults:5)
  A tengu reaver (Vaults:5)
  4 yaktaur captains
  An ice dragon (Spider:2)
  2 centaur warriors
  A dancing weapon (Elf:2)
  A deep troll earth mage (Depths:2)
  2 spriggan berserkers (Swamp:4)
  A deep elf knight (Elf:2)
  A glowing orange brain (Depths:4)
  A deep elf archer (Elf:2)
  A vault sentinel (Vaults:1)
  4 yaktaurs
  A tyrant leech (Swamp:2)
  2 spriggans
  2 water elementals (Depths:4)
  A yak (D:9)
  2 insubstantial wisps (Depths:4)
  A porcupine (Lair:5)
  A swamp drake (Swamp:4)
  2 slaves (D:4)
  2 boggarts (Depths:1)
  2 centaurs (Vaults:1)
  A bullfrog (Lair:5)
  A water moccasin skeleton (D:4)
  A worm (D:4)
  6 ball lightnings (Depths:4)
  A giant cockroach (D:4)
  A ball python (D:4)
  15 fungi
  22 plants
86 creatures vanquished.

Grand Total: 2459 creatures vanquished

Notes
Turn   | Place    | Note
-------+----------+-------------------------------------------
     0 | D:1      | Ijustatesigmund the Naga Assassin began the quest for the Orb.
     0 | D:1      | Reached XP level 1. HP: 19/19 MP: 1/1
   398 | D:1      | Reached XP level 2. HP: 26/26 MP: 2/2
   764 | D:1      | Reached XP level 3. HP: 30/33 MP: 3/3
   906 | D:2      | Found a shattered altar of Ashenzari.
  1512 | D:2      | Reached XP level 4. HP: 39/40 MP: 4/4
  2406 | D:3      | Found a basalt altar of Yredelemnul.
  2737 | D:3      | Reached skill level 1 in Shields
  2831 | D:4      | Found a runed door.
  2836 | D:4      | Noticed Crazy Yiuf
  3077 | D:4      | Reached XP level 5. HP: 49/49 MP: 5/5
  3347 | D:4      | Noticed Pikel
  3633 | D:4      | Noticed a slave
  3633 | D:4      | Noticed a slave
  3634 | D:4      | Noticed a slave
  3660 | D:4      | Killed a slave
  3746 | D:4      | Noticed Duvessa
  3749 | D:4      | Noticed Dowan
  3754 | D:4      | Noticed a slave
  3939 | D:5      | Entered Level 5 of the Dungeon
  3939 | D:5      | Noticed Sigmund
  4250 | D:5      | Reached XP level 6. HP: 36/56 MP: 6/6
  4388 | D:5      | Noticed Grinder
  4408 | D:5      | Killed Grinder
  4408 | D:5      | Reached XP level 7. HP: 21/62 MP: 7/7
  4655 | D:5      | Noticed Menkaure
  4667 | D:5      | Killed Menkaure
  4930 | D:5      | Found a staircase to the Ecumenical Temple.
  4942 | D:5      | Learned a level 2 spell: Ensorcelled Hibernation
  4944 | Temple   | Entered the Ecumenical Temple
  5026 | Temple   | Became a worshipper of Cheibriados the Contemplative
  5417 | D:5      | Killed Sigmund
  5417 | D:5      | Reached skill level 6 in Stealth
  5417 | D:5      | Reached XP level 8. HP: 49/73 MP: 8/8
  5615 | D:6      | Noticed Prince Ribbit
  5634 | D:6      | Killed Prince Ribbit
  5634 | D:6      | Reached skill level 5 in Fighting
  5634 | D:6      | Reached skill level 5 in Short Blades
  5634 | D:6      | Reached skill level 7 in Stealth
  5799 | D:6      | Found an iron altar of Okawaru.
  5800 | D:6      | Found a sparkling altar of Nemelex Xobeh.
  5815 | D:6      | Found a radiant altar of Vehumet.
  5817 | D:6      | Found a shadowy altar of Dithmenos.
  5819 | D:6      | Found an ancient bone altar of Kikubaaqudgha.
  5820 | D:6      | Found a deep blue altar of Sif Muna.
  5901 | D:6      | Got an ancient dagger
  5902 | D:6      | Identified the +7 dagger "Ocvoon" {pierce, Str+3 Int+3} (You found it on level 6 of the Dungeon)
  5919 | D:6      | Reached * piety under Cheibriados
  5963 | D:6      | Reached skill level 8 in Stealth
  5972 | D:6      | Reached skill level 1 in Hexes
  5972 | D:6      | Reached skill level 1 in Ice Magic
  6590 | D:4      | Killed Crazy Yiuf
  6643 | D:4      | Reached XP level 9. HP: 79/82 MP: 9/9
  6684 | D:4      | Killed Pikel
  6684 | D:4      | Reached skill level 9 in Stealth
  6881 | D:4      | Reached ** piety under Cheibriados
  6937 | D:4      | Noticed Eustachio
  6983 | D:4      | Killed Eustachio
  6992 | D:4      | Killed Duvessa
  7015 | D:4      | Killed Dowan
  7926 | D:7      | Noticed Joseph
  7927 | D:7      | Found Soocohik's Food Boutique.
  7948 | D:7      | Killed Joseph
  7948 | D:7      | Reached skill level 10 in Stealth
  8251 | D:7      | Reached XP level 10. HP: 91/91 MP: 10/10
  8273 | D:7      | Found Xuizir's Weapon Shop.
  8282 | D:7      | Reached skill level 11 in Stealth
  8294 | D:7      | Found an ornate altar of the Wu Jian Council.
  8341 | D:7      | Found Vaf Taonu's Book Boutique.
  8406 | D:7      | Found a stormy altar of Qazlal.
  8409 | D:7      | Learned a level 1 spell: Apportation
  8451 | D:7      | Found Naciskue's Serpentskin Sales.
  8461 | D:7      | Bought 2 curare-tipped needles for 14 gold pieces
  8528 | D:7      | Found Nunius's Assorted Antiques.
  8531 | D:7      | Bought a red potion for 28 gold pieces
  8531 | D:7      | Bought a metallic inky potion for 28 gold pieces
  8531 | D:7      | Bought a clouded tin ring for 160 gold pieces
  8532 | D:7      | Identified the ring "Noam" {Fire rElec rPois Dex-2} (You bought it in a shop on level 7 of the Dungeon)
  8572 | D:7      | Found Ciaqarodd's Book Boutique.
  8581 | D:7      | Reached *** piety under Cheibriados
  8948 | D:6      | Found a hide-covered altar of Uskayaw.
  8948 | D:6      | Found a shimmering altar of Xom.
  8999 | D:6      | Noticed Edmund
  9037 | D:6      | Killed Edmund
  9291 | D:8      | Noticed Psyche
  9298 | D:8      | Killed Psyche
  9298 | D:8      | Reached skill level 5 in Dodging
  9649 | D:8      | Reached **** piety under Cheibriados
  9671 | D:8      | Noticed a cyclops
  9673 | D:8      | Killed a cyclops
  9888 | D:8      | Reached skill level 1 in Invocations
  9898 | D:8      | Noticed a two-headed ogre
  9908 | D:8      | Killed a two-headed ogre
  9908 | D:8      | Reached XP level 11. HP: 73/98 MP: 10/12
 10813 | D:9      | Reached ***** piety under Cheibriados
 10971 | D:9      | Paralysed by a hornet for 3 turns
 11190 | D:9      | Found a staircase to the Lair.
 11231 | D:9      | Reached skill level 5 in Invocations
 11481 | D:10     | Entered Level 10 of the Dungeon
 11573 | D:10     | Reached skill level 1 in Spellcasting
 11703 | D:10     | Noticed an unseen horror
 11829 | D:10     | Killed an unseen horror
 11857 | D:10     | Learned a level 3 spell: Dazzling Spray
 11902 | D:10     | Reached ****** piety under Cheibriados
 11972 | D:10     | Gained mutation: Your body sometimes deteriorates upon taking damage. [potion of mutation]
 11972 | D:10     | Gained mutation: Your body often deteriorates upon taking damage. [potion of mutation]
 11972 | D:10     | Gained mutation: Your mind is acute. (Int +2) [potion of mutation]
 11972 | D:10     | Gained mutation: You are resistant to electric shocks. (rElec) [potion of mutation]
 11973 | D:10     | Lost mutation: Your mind is acute. (Int +2) [potion of mutation]
 11973 | D:10     | Lost mutation: Your body often deteriorates upon taking damage. [potion of mutation]
 11973 | D:10     | Lost mutation: Your body sometimes deteriorates upon taking damage. [potion of mutation]
 11973 | D:10     | Lost mutation: You are resistant to electric shocks. (rElec) [potion of mutation]
 11973 | D:10     | Gained mutation: You have a pair of small horns on your head. [potion of mutation]
 11973 | D:10     | Gained mutation: You are partially covered in slimy green scales. (AC +2) [potion of mutation]
 11986 | D:10     | Found a staircase to the Orcish Mines.
 12053 | D:10     | Reached skill level 1 in Conjurations
 12243 | D:10     | Noticed a two-headed ogre
 12250 | D:10     | Killed a two-headed ogre
 12250 | D:10     | Reached XP level 12. HP: 109/109 MP: 15/17
 12499 | D:11     | Reached skill level 1 in Armour
 12595 | D:11     | Found Oliprapn's General Store.
 12604 | D:11     | Noticed a two-headed ogre
 12613 | D:11     | Killed a two-headed ogre
 13247 | D:11     | Noticed a two-headed ogre
 13255 | D:11     | Killed a two-headed ogre
 13420 | D:12     | Noticed DEFE's ghost (journeyman DEAK)
 13609 | D:12     | Killed DEFE's ghost
 14206 | D:12     | Noticed a seven-headed hydra
 14225 | D:12     | Killed a seven-headed hydra
 14225 | D:12     | Reached skill level 12 in Stealth
 14627 | D:12     | Gained mutation: You can use your snake-like lower body to constrict enemies. [Naga growth]
 14627 | D:12     | Reached XP level 13. HP: 118/118 MP: 19/19
 14721 | D:12     | Reached skill level 5 in Hexes
 14851 | D:12     | Reached skill level 5 in Ice Magic
 15121 | Lair:1   | Entered Level 1 of the Lair of Beasts
 15940 | Lair:2   | Found a labyrinth entrance.
 15949 | Lab      | Entered a labyrinth
 16064 | Lab      | Noticed a minotaur
 16066 | Lab      | Identified Wyub Toseq's Volume of Ashen Poison
 16069 | Lab      | Killed a minotaur
 16087 | Lab      | Learned a level 3 spell: Mephitic Cloud
 16093 | Lab      | Got a bloodstained short sword
 16187 | Lab      | Identified the +6 short sword of the Revolution {pierce, rF+} (You found it in a labyrinth)
 16391 | Lair:2   | Reached skill level 1 in Air Magic
 16391 | Lair:2   | Reached skill level 1 in Poison Magic
 16573 | Lair:2   | Found a hole to the Spider Nest.
 17412 | Lair:3   | Learned a level 2 spell: Blink
 17551 | Lair:3   | Reached skill level 1 in Translocations
 17754 | Lair:3   | Reached skill level 5 in Air Magic
 17765 | Lair:3   | Reached skill level 5 in Poison Magic
 18031 | Lair:4   | Found a staircase to the Swamp.
 18355 | Lair:4   | Reached XP level 14. HP: 127/127 MP: 20/20
 18690 | Lair:4   | Reached skill level 5 in Spellcasting
 19150 | Lair:5   | Found a staircase to the Slime Pits.
 19781 | Lair:1   | Learned a level 3 spell: Portal Projectile
 19785 | Lair:1   | Learned a level 3 spell: Conjure Flame
 19995 | Lair:5   | Found a shimmering altar of Xom.
 20456 | Lair:6   | Entered Level 6 of the Lair of Beasts
 20583 | Lair:6   | Noticed Snorg
 20589 | Lair:6   | Killed Snorg
 21308 | Lair:6   | Reached XP level 15. HP: 138/138 MP: 21/26
 21784 | Lair:6   | Reached skill level 10 in Fighting
 21790 | Lair:6   | Reached skill level 10 in Invocations
 21802 | Lair:6   | Reached skill level 10 in Short Blades
 22199 | Swamp:1  | Entered Level 1 of the Swamp
 23006 | Swamp:2  | Noticed Louise
 23012 | Swamp:2  | Killed Louise
 23364 | D:11     | Bought a +2 shield of protection for 301 gold pieces
 23719 | Swamp:2  | Reached skill level 5 in Shields
 23865 | Swamp:2  | Noticed Nikola
 23881 | Swamp:2  | Killed Nikola
 24135 | Swamp:2  | Upgraded the game from 0.20-a0-1026-gc3ddcbd to 0.20-a0-1034-gb277f92
 24447 | Swamp:2  | Reached XP level 16. HP: 147/147 MP: 28/28
 24463 | Swamp:2  | Identified the Catalogue of the Noxious Frostbite
 24469 | Swamp:2  | Learned a level 3 spell: Ignite Poison
 25231 | Swamp:4  | Entered Level 4 of the Swamp
 25805 | Swamp:4  | Noticed a thorn hunter
 25818 | Swamp:4  | Killed a thorn hunter
 25818 | Swamp:4  | Reached skill level 5 in Armour
 26497 | Swamp:4  | Got a decaying rune of Zot
 26810 | Swamp:3  | Reached XP level 17. HP: 154/157 MP: 29/29
 27034 | Spider:1 | Entered Level 1 of the Spider Nest
 27034 | Spider:1 | Noticed Kirke
 27054 | Spider:1 | Killed Kirke
 27359 | Spider:1 | Noticed Azrael
 27377 | Spider:1 | Killed Azrael
 27701 | Spider:2 | Found a frozen archway.
 27746 | IceCv    | Entered an ice cave
 28605 | IceCv    | Noticed an Ice Fiend
 28723 | IceCv    | Killed an Ice Fiend
 29477 | Spider:2 | Got a faintly glowing short sword
 29478 | Spider:2 | Identified the cursed +1 short sword of the Four People {flame, Int+4} (You found it on level 2 of the Spider Nest)
 29779 | Spider:4 | Entered Level 4 of the Spider Nest
 29987 | Spider:3 | Reached XP level 18. HP: 169/169 MP: 30/30
 30267 | Spider:3 | Upgraded the game from 0.20-a0-1034-gb277f92 to 0.20-a0-1043-gbd57889
 31598 | Spider:4 | Got a gossamer rune of Zot
 31953 | Orc:1    | Entered Level 1 of the Orcish Mines
 32126 | Orc:2    | Entered Level 2 of the Orcish Mines
 32552 | Orc:2    | Found Vaulluash's Food Shoppe.
 32565 | Orc:2    | Found Kiewkilu's Magic Scroll Emporium.
 32758 | Orc:2    | Found a staircase to the Elven Halls.
 33141 | Orc:2    | Found Nierul's Book Boutique.
 33141 | Orc:2    | Found Uprur's Antique Weapon Shop.
 33141 | Orc:2    | Found a one-way gate leading to the halls of Pandemonium.
 33144 | Orc:2    | Bought a manual of Throwing for 1876 gold pieces
 33362 | Elf:1    | Entered Level 1 of the Elven Halls
 33380 | Elf:1    | Found a radiant altar of Vehumet.
 33411 | Elf:1    | Reached skill level 5 in Throwing
 33559 | Elf:1    | Reached skill level 1 in Long Blades
 33559 | Elf:1    | Reached XP level 19. HP: 165/182 MP: 32/32
 33586 | Elf:1    | Reached skill level 1 in Unarmed Combat
 34046 | Elf:1    | Found an ancient bone altar of Kikubaaqudgha.
 34177 | Elf:2    | Found Izanoic's Antique Armour Shoppe.
 34190 | Elf:2    | Found Zaumaj's Antique Weapon Emporium.
 34534 | Elf:2    | Found a huge runed gate.
 34534 | Elf:2    | Found a huge runed gate.
 34534 | Elf:2    | Found a huge runed gate.
 34534 | Elf:2    | Found a huge runed gate.
 34536 | Elf:2    | Found a huge runed gate.
 34623 | Elf:2    | Cast into level 2 of the Abyss (quick blade of distortion)
 34731 | Abyss:2  | Noticed a bone dragon
 34783 | Abyss:2  | Reached skill level 5 in Long Blades
 34929 | Elf:2    | Escaped the Abyss
 34940 | Elf:2    | Reached skill level 5 in Unarmed Combat
 35576 | Elf:2    | Reached skill level 10 in Throwing
 35643 | Elf:3    | Entered Level 3 of the Elven Halls
 35864 | Elf:3    | Reached XP level 20. HP: 180/190 MP: 33/33
 35921 | Elf:3    | Got a warped ruby amulet
 35937 | Elf:3    | Identified the Disquisition on Flames and the Frostbite
 35947 | Elf:3    | Identified the amulet of Rofrak {Inacc rPois Str-3 SInv} (You found it on level 3 of the Elven Halls)
 35949 | Elf:3    | Identified the +3 chain mail "Pacoun" {+Fly rPois Dex-5} (You found it on level 3 of the Elven Halls)
 35984 | Elf:3    | Noticed a Brimstone Fiend
 36106 | Elf:3    | Identified the ring "Xabauruv" {*Corrode *Drain +Blink rElec rN+} (You took it off a deep elf death mage on level 3 of the Elven Halls)
 36672 | Elf:2    | Identified a scroll of acquirement
 36677 | Elf:2    | Got a heavily runed scarf
 36688 | Elf:2    | Identified the scarf of the Orb Guardian {rC- rCorr Dex+5} (You acquired it on level 2 of the Elven Halls)
 36926 | Elf:3    | Identified the Papyrus of Conjuration
 36941 | Elf:3    | Identified the +2 scale mail of Loj Ekho {rC+ Int+4} (You found it on level 3 of the Elven Halls)
 37184 | Orc:1    | Noticed Alarkh's ghost (journeyman DsFi)
 37230 | Orc:1    | Killed Alarkh's ghost
 37349 | Orc:2    | Bought a scroll of identify for 30 gold pieces
 37349 | Orc:2    | Bought a scroll of acquirement for 780 gold pieces
 37349 | Orc:2    | Bought a scroll of teleportation for 45 gold pieces
 37349 | Orc:2    | Bought a scroll of teleportation for 45 gold pieces
 38104 | D:13     | Found a gate to the Vaults.
 38168 | Vaults:1 | Entered Level 1 of the Vaults
 38619 | Vaults:1 | Learned a level 1 spell: Summon Butterflies
 38626 | Vaults:1 | Learned a level 6 spell: Invisibility
 38669 | Vaults:1 | Reached skill level 13 in Stealth
 38810 | Vaults:1 | Reached XP level 21. HP: 189/199 MP: 34/34
 38964 | Vaults:1 | Reached skill level 14 in Stealth
 39247 | Vaults:1 | Reached skill level 15 in Stealth
 39432 | Vaults:1 | Reached skill level 16 in Stealth
 39742 | Vaults:2 | Reached skill level 17 in Stealth
 39960 | Vaults:2 | Reached skill level 18 in Stealth
 40331 | Vaults:2 | Reached skill level 19 in Stealth
 40476 | Vaults:2 | Found Zarhiwn's General Store.
 40594 | Vaults:2 | Found Sihum's General Store.
 40628 | Vaults:2 | Bought a scroll of identify for 32 gold pieces
 40628 | Vaults:2 | Bought a potion of curing for 48 gold pieces
 40866 | Vaults:2 | Reached skill level 20 in Stealth
 41412 | Vaults:3 | Upgraded the game from 0.20-a0-1043-gbd57889 to 0.20-a0-1050-g57248f3
 41493 | Vaults:3 | Reached skill level 21 in Stealth
 41493 | Vaults:3 | Reached XP level 22. HP: 207/207 MP: 35/35
 41764 | Vaults:4 | Learned a level 2 spell: Passwall
 41861 | Vaults:4 | Reached skill level 10 in Shields
 43417 | D:14     | Identified the ring of Usmeusin {*Contam rF+ MR++ Str+2 Dex+2} (You acquired it on level 14 of the Dungeon)
 44369 | D:15     | Entered Level 15 of the Dungeon
 44370 | D:15     | Found Oniyxir's Magic Scroll Boutique.
 44370 | D:15     | Found Edueb's Jewellery Shoppe.
 44414 | D:15     | Found Toyczigyxyu's Antique Armour Shoppe.
 44937 | D:15     | Found Ciuzoeh's Weapon Shoppe.
 45033 | D:15     | Found a portal to a secret trove of treasure.
 45269 | D:15     | Found a staircase to the Depths.
 45455 | D:15     | Found Golusch's General Store.
 45480 | D:15     | Bought a scroll of identify for 28 gold pieces
 45480 | D:15     | Bought a potion of cancellation for 112 gold pieces
 45580 | Depths:1 | Entered Level 1 of the Depths
 45971 | Depths:1 | Reached XP level 23. HP: 214/214 MP: 36/36
 46072 | Depths:1 | Found a gateway to Hell.
 46436 | Depths:2 | Found Iclon's Food Shoppe.
 46538 | Depths:2 | Noticed Aizul
 46551 | Depths:2 | Killed Aizul
 46714 | Depths:2 | Reached skill level 10 in Spellcasting
 46838 | Depths:2 | Noticed a golden dragon
 47181 | Depths:2 | Reached skill level 15 in Fighting
 47572 | Depths:2 | Killed a golden dragon
 47727 | Depths:2 | Identified Sif Muna's Tome of Transmutation and Lightness
 48142 | Depths:3 | Reached XP level 24. HP: 148/226 MP: 37/38
 48812 | Depths:3 | Reached skill level 15 in Invocations
 48845 | Depths:3 | Found a gateway to a ziggurat.
 49307 | Depths:4 | Noticed a caustic shrike
 49307 | Depths:4 | a golden dragon changed into a caustic shrike
 49311 | Depths:4 | a caustic shrike changed into an iron giant
 49957 | Depths:4 | Gained mutation: You are clumsy. (Dex -2) [a shining eye]
 50022 | Depths:4 | Identified the amulet of Xom's Wantonness {Reflect +Fly rPois rF+ Int+3 SH+4} (You found it on level 4 of the Depths)
 50126 | Depths:4 | Found a one-way gate to the infinite horrors of the Abyss.
 50305 | Depths:4 | Identified the ring "Kazuth" {rElec rPois} (You found it on level 4 of the Depths)
 50571 | Depths:5 | Entered Level 5 of the Depths
 50765 | Depths:5 | Reached XP level 25. HP: 198/240 MP: 37/40
 51132 | Depths:5 | Found a gate to the Realm of Zot.
 51632 | Depths:5 | Noticed a juggernaut
 51689 | Depths:5 | Killed a juggernaut
 52187 | Depths:5 | Paralysed by a floating eye for 3 turns
 52387 | Depths:5 | Reached skill level 15 in Spellcasting
 52990 | Vaults:5 | Entered Level 5 of the Vaults
 53005 | Vaults:5 | Reached skill level 1 in Earth Magic
 53016 | Vaults:5 | Noticed Jory
 53072 | Vaults:5 | Gained mutation: You expend magic power (3 MP) to strengthen your wands. [mutagenic glow]
 53112 | Vaults:5 | HP: 4/241 [stone giant (28)]
 53112 | Vaults:5 | HP: 1/241 [tentacled monstrosity (3)]
 53112 | Vaults:5 | Killed from afar by a frost giant

Vault maps used:
D:1:      dpeg_arrival_windows_large_door, wad_floor_pattern_untrapped
D:2:      nicolae_ashenzari_panopticon
D:3:      lemuel_zombie_altar_yredelemnul
D:4:      first_bread, uniq_crazy_yiuf_cottage, uniq_pikel, uniq_eustachio,
          uniq_duvessa
D:5:      minmay_temple_entry_butterflies, uniq_grinder, uniq_menkaure,
          uniq_sigmund
D:6:      gammafunk_temple_overflow_pools, grunt_temple_overflow_open,
          fountainhead, uniq_prince_ribbit1, uniq_edmund
D:7:      kennysheep_little_box, lemuel_doored_altar, serial_shops,
          nicolae_shop_behind_doors, shop, shop, kennysheep_mini,
          nicolae_shop_behind_doors, guppyfry_shop_venom, uniq_joseph
D:8:      uniq_psyche
D:9:      grunt_lair_entry_orc_guard_hut
D:10:     zombieorc1_lemuel
D:11:     serial_shops, nicolae_shop_window_shopping
D:13:     grunt_vaults_entry_tiered
D:14:     minmay_misc_feat_pillars, hangedman_fish_farm, lemuel_flamethrower_1
D:15:     grunt_enter_depths_hoard, serial_shops, shop_coins, shop,
          nicolae_shop_trees, nicolae_shop_waterfront, shop,
          nicolae_trove_entry_path_of_doom, glass_columns_b,
          small_chamber_with_monster
Temple:   grunt_temple_mini_profane
Lair:1:   nicolae_quartered_pool_little, st_stairs_9, serial_bayou_lagoon_a
Lair:2:   spider_nest_entry_webs, lab_entry_generic
Lair:3:   grunt_megastairs_2
Lair:4:   minmay_swamp_entry_eels, columned_hall_lemuel, lemuel_fruit_tree,
          lemuel_fruit_fields
Lair:5:   nicolae_slime_entry_slimehenge, basic_altar
Lair:6:   hangedman_lair_caniforms_friends, uniq_snorg
Swamp:1:  nicolae_swamp_round_clearing
Swamp:2:  cheibrodos_swamp_heart_of_darkness, evilmike_swamp_ruin_house_4,
          infiniplex_staircase_pool, uniq_louise, uniq_nikola
Swamp:3:  nicolae_swamp_very_dense_foliage
Swamp:4:  swamp_basic_johnstein
Spider:1: guppyfry_spider_mini_1, uniq_azrael, uniq_kirke
Spider:2: portal_ice_cave_entry_ice_statue_two
Spider:4: grunt_spider_rune_parallel
Orc:2:    pf_orc_diabolical, hangedman_minor_magic
Elf:1:    eino_elf_arrival_altar, portal_desolation_entry_garden, basic_altar
Elf:2:    item_on_display_b, minmay_shoptagon
Elf:3:    grunt_elf_hall_spiral
Vaults:1: hangedman_vaults_restitches, nicolae_vaults_fighting_squares,
          v_misc_28, nicolae_vaults_ninety_degrees, vaults_dpeg_cross,
          hangedman_vaults_stagger, v_misc_30, v_misc_13, ontoclasm_vaults_eye,
          ontoclasm_vaults_loading_screen
Vaults:2: hangedman_vaults_corner, v_misc_26, hangedman_vaults_hat,
          nicolae_vaults_asterisk, vaults_room_ringed_pool, st_hourglassy,
          hangedman_vaults_corner_blocks, serial_shops, nicolae_shop_crystal,
          shop
Vaults:3: minmay_crypt_entry_simple_corners, minmay_guarded_unrand_guard_vaults,
          grunt_vaults_hallway_long, vaults_room_large_hall, v_misc_2,
          vaults_dpeg_diagonal, nicolae_vaults_stairing_the_circle,
          hangedman_vaults_stitches, v_misc_26, nicolae_vaults_shelves_hall,
          v_misc_24, v_pattern_3, ontoclasm_vaults_gateway
Vaults:4: hangedman_vaults_capsules, nicolae_vaults_network_barrier,
          v_pattern_4, v_rooms_4, vaults_mumra_hexcomb, kb_rosetta,
          nicolae_vaults_border_crossing, vaults_room_fancy_cross,
          vaults_room_stairs_pillars, vaults_room_hallway
Vaults:5: serial_shops, uniq_jory
Depths:1: pf_coc_iceberg, rand_demon_pan_entry_9, nrook_mini_backslash,
          kennysheep_dice
Depths:2: minmay_concentric_multi, serial_bayou, grunt_mini_vestibule,
          serial_shops, shop, uniq_aizul
Depths:3: cheibrodos_quadrivalence, enter_ziggurat_f, hell_entry, pan_entry,
          infiniplex_staircase_river
Depths:4: radiant_caverns_a_rkd, pan_entry, serial_shops, hell_entry,
          abyss_entry
Depths:5: evilmike_zot_entry_diamond, mu_enter_wizlab_7, hellmouth_1,
          glass_columns_a, hangedman_corner_corridor
Lab:      labyrinth_hidden_loot, nicolae_lab_statue, labyrinth_skeletal_remains,
          lab_hedge, nicolae_lab_big_swirl
IceCv:    ice_cave_caverns_01

Skill      XL: |  1  2  3  4  5  6  7  8  9 10 11 12 13 14 15 16 17 18 19 20 21 22 23 24 25 |
---------------+----------------------------------------------------------------------------+-----
Throwing       | 2 5 11 14 | 14.5
Short Blades   | 3 4 5 6 7 8 9 10 11 12 13 14 | 14.0
Fighting       | 3 4 5 6 7 8 9 10 11 12 14 15 16 17 | 17.2
Shields        | 1 3 4 8 9 11 12 | 12.0
Stealth        | 6 8 10 11 12 13 21 | 21.0
Hexes          | 1 4 6 7 9 |  9.0
Ice Magic      | 1 4 6 7 9 |  9.0
Dodging        | 3 7 9 |  9.0
Invocations    | 2 6 8 9 10 11 12 14 16 | 16.5
Spellcasting   | 3 4 7 8 9 11 13 16 | 16.1
Conjurations   | 2 4 |  4.3
Armour         | 3 6 7 9 |  9.1
Air Magic      | 6 |  6.8
Poison Magic   | 5 6 |  6.1
Translocations | 2 3 4 |  4.5
Long Blades    | 1 6 |  6.6
Unarmed Combat | 6 |  6.5
Earth Magic    | 1 |  1.9
Fire Magic     | |  0.2

Action                   |  1- 3 |  4- 6 |  7- 9 | 10-12 | 13-15 | 16-18 | 19-21 | 22-24 | 25-27 || total
-------------------------+-------+-------+-------+-------+-------+-------+-------+-------+-------++-------
Melee: Dagger            |    91 |   237 |   314 |   842 |    70 |   234 |       |       |       ||  1788
       Headbutt          |       |       |       |   135 |   502 |   936 |   980 |  1462 |   368 ||  4383
       Short sword       |       |       |       |       |   988 |  1742 |  1895 |  2766 |   725 ||  8116
       Constrict         |       |       |       |       |   211 |   317 |   317 |   328 |    55 ||  1228
 Fire: Blowgun           |     2 |    17 |    24 |       |       |       |       |       |       ||    43
Throw: Tomahawk          |       |    13 |     5 |    16 |    44 |    71 |    13 |    63 |    25 ||   250
 Cast: Ensorcelled Hiber |       |       |     1 |    49 |    56 |    59 |       |     4 |       ||   169
       Dazzling Spray    |       |       |       |     2 |     1 |     2 |       |     4 |       ||     9
       Apportation       |       |       |       |       |    10 |     8 |       |     3 |       ||    21
       Blink             |       |       |       |       |       |     8 |     3 |       |     3 ||    14
       Conjure Flame     |       |       |       |       |       |     3 |       |       |       ||     3
       Mephitic Cloud    |       |       |       |       |       |     2 |     3 |     6 |     1 ||    12
       Ignite Poison     |       |       |       |       |       |     1 |     3 |     6 |       ||    10
       Portal Projectile |       |       |       |       |       |     1 |       |       |       ||     1
       Invisibility      |       |       |       |       |       |       |     2 |       |     2 ||     4
       Summon Butterflie |       |       |       |       |       |       |       |       |     1 ||     1
Invok: Slouch            |       |       |       |     3 |     2 |     8 |     1 |     3 |     3 ||    20
 Abil: Spit Poison       |       |     7 |     8 |     4 |     4 |       |       |       |       ||    23
Evoke: Wand              |       |       |       |     2 |     1 |     7 |       |     2 |     2 ||    14
  Use: Scroll            |     5 |     9 |     6 |     9 |    14 |    16 |    12 |    17 |     3 ||    91
       Potion            |       |     3 |       |     4 |     2 |     4 |       |     1 |    12 ||    26
 Stab: Sleeping          |     8 |     6 |    11 |    72 |    68 |    48 |    48 |    55 |     2 ||   318
       Distracted        |       |       |     1 |     8 |     8 |    10 |    14 |    12 |     3 ||    56
       Invisible         |       |       |       |     1 |       |       |     2 |     1 |       ||     4
       Confused          |       |       |       |       |       |     2 |       |       |       ||     2
  Eat: Chunk             |     1 |     7 |     4 |    16 |     7 |     2 |     3 |     3 |       ||    43
       Fruit             |       |     1 |     1 |     2 |    15 |     5 |     6 |    11 |     1 ||    42
       Royal jelly       |       |       |     2 |       |     5 |     6 |     4 |     5 |     4 ||    26
       Meat ration       |       |       |       |       |       |     1 |     1 |     1 |       ||     3
Armor: Robe              |    17 |    73 |   124 |    55 |       |       |       |       |       ||   269
       Troll leather arm |       |       |       |   186 |   371 |   856 |   431 |   579 |   272 ||  2695
Dodge: Dodged            |    32 |    82 |   106 |   463 |   527 |   970 |   412 |  1036 |   406 ||  4034
Block: Buckler           |       |    16 |    74 |   276 |   547 |       |       |       |       ||   913
       Shield            |       |       |       |       |   140 |  2365 |  1533 |  2484 |   809 ||  7331
       Reflection        |       |       |       |       |     3 |    13 |   120 |    51 |    22 ||   209
